cohdb
Replays
Latest Replays
All Replays
Popular Replays
Top Player Replays
Match Explorer
How It Works
Community
CoH3 Stats
Reddit
Sign in to upload your games and track your stats! →
Sign in with Steam
Stummel vs Rangers
Match 16297234
Overview
Messages
Build Orders
End
Construct Barracks
Riflemen Squad
Riflemen Squad
M1 Mortar Team
Infantry Support Center
Selects Advanced Infantry Battlegroup
Selects Convert to Ranger Squad
Convert to Ranger Squad
Construct Motor Pool
Scout Squad
Convert to Ranger Squad
Engineer Squad
Construct Tank Depot
Selects Designate Assault Position
Selects Ranger Weapon Training
M18 Hellcat Tank Destroyer
Construct Medical Station
Selects Artillery Observers
Selects M2A1 105mm Howitzer Emplacement
Advanced Logistics
M18 Hellcat Tank Destroyer
AI Takeover
HAL 9000
Captain_Frog
0
0
Comments
sign in to comment!
No comments posted yet!